 Dungeon Crawl Stone Soup version 0.28-a0-194-g42b4daccc1 (webtiles) character file.

Game seed: 3223640943198311456

5303 freelancePsychic the Thaumaturge (level 10, -1/77 HPs)
             Began as a Djinni Fire Elementalist on Aug 18, 2021.
             Was a Believer of Makhleb.
             Killed from afar by a catoblepas (8 damage)
             ... with a blast of calcifying dust
             ... on level 9 of the Dungeon.
             The game lasted 00:15:43 (11619 turns).

freelancePsychic the Thaumaturge (DjFE)            Turns: 11619, Time: 00:15:43

Health: -1/77      AC:  4    Str:  6 (7)  XL:     10   Next: 95%
Gold:   462        EV: 14    Int: 25 (27) God:    Makhleb [**....] SH: 11 Dex: 12 (13)

rFire   + + .      SeeInvis .   h - +3 short sword
rCold   x . .      Faith    .   f - +2 kite shield {reflect}
rNeg    . . .      Spirit   .   r - +0 robe {Will+}
rPois   ∞          Reflect  +   m - +0 helmet
rElec   .          Harm     .   e - +0 cloak
rCorr   .          Rampage  .   (no gloves)
Will    ++...                   (boots unavailable)
Stlth   ++........              (no amulet)
HPRegen 0.22/turn               C - +6 ring of intelligence
MPRegen 0.00/turn               x - +4 ring of evasion

@: flying, studying Bows
A: sickness immunity, fire resistance 2, cold vulnerability 1, float, innate
caster, hp casting, extra vitality 1
a: Renounce Religion, Minor Destruction


You were on level 9 of the Dungeon.
You worshipped Makhleb.
Makhleb was pleased with you.
You visited 1 branch of the dungeon, and saw 9 of its levels.

You collected 462 gold pieces.

Inventory:

Hand Weapons
 h - a +3 short sword (weapon)
Missiles
 u - a throwing net
Armour
 e - a +0 cloak (worn)
 f - a +2 kite shield of reflection (worn)
 m - a +0 helmet (worn)
 r - a +0 robe of willpower (worn)
Jewellery
 k - a ring of positive energy
 q - a ring of willpower
 x - a +4 ring of evasion (right hand)
 B - a ring of resist corrosion
 C - a +6 ring of intelligence (left hand)
Wands
 t - a wand of paralysis (8)
 w - a wand of polymorph (11)
Scrolls
 a - 6 scrolls of identify {@r1}
 d - 3 scrolls of teleportation {@r4}
 i - a scroll of fog
 v - a scroll of vulnerability
 y - a scroll of silence
 z - a scroll of blinking
 A - a scroll of fear {unknown}
Potions
 b - a potion of brilliance {unknown}
 c - 2 potions of curing {unknown}
 g - a potion of degeneration
 j - a potion of mutation {unknown}
 l - 3 potions of flight {unknown}
 n - a potion of lignification {unknown}
 o - a potion of attraction {unknown}
 p - 2 potions of might {unknown}
 s - 2 potions of heal wounds {unknown}
 D - a potion of cancellation {unknown}


   Skills:
 + Level 8.5 Fighting
 - Level 2.1 Dodging
 - Level 1.5 Stealth
 * Level 5.0 Shields
 + Level 9.4 Spellcasting


You had one spell level left.
You knew the following spells:

 Your Spells              Type           Power      Damage    Failure   Level
a - Foxfire               Conj/Fire      100%       2x1d9     1%          1
b - Conjure Flame         Conj/Fire      56%        6-21      1%          3
c - Inner Flame           Hex/Fire       56%        N/A       1%          3
d - Sticky Flame          Conj/Fire      56%        2d7       3%          4
e - Fireball              Conj/Fire      28%        3d12      11%         5
f - Dispel Undead         Necr           56%        3d20      3%          4
g - Ensorcelled Hibernat  Hex/Ice        100%       N/A       1%          2
h - Confusing Touch       Hex            56%        N/A       1%          3
i - Pain                  Necr           100%       1d9       1%          1
Your spell library was empty.

Dungeon Overview and Level Annotations

Branches:
Dungeon (9/15)             Temple (0/1) D:6
   Lair: D:8-11         Orc: D:9-12

Altars:
Ashenzari
Elyvilon
Fedhas
Gozag
Makhleb
Nemelex Xobeh
Ru
Xom
Yredelemnul
The Shining One

Shops:
D:1 =   D:3 (   D:4 ?   D:8 (


Innate Abilities, Weirdness & Mutations

You are immune to sickness and miasma.
You are immune to poison.
Your flesh is very heat resistant. (rF++)
You are vulnerable to cold. (rC-)
You float through the air rather than walking.
You learn spells naturally, not from books.
Your magical power is your life essence.
You have superior vitality. (+4 HP)


Message History

Flame seeps out of the catoblepas.
The catoblepas is moderately wounded.
The catoblepas is engulfed in blazing flames.
Flame seeps out of the catoblepas.
The catoblepas closely misses you.
You hit the catoblepas.
Flame seeps out of the catoblepas.
The catoblepas is moderately wounded.
The catoblepas is engulfed in blazing flames.
Flame seeps out of the catoblepas.
The catoblepas misses you.
Casting: Fireball (dangerous; 9% risk of failure)
Confirm with . or Enter, or press ? or * to list all spells.
Aiming: Fireball (dangerous; 9% risk of failure)
Press: ? - help, Shift-Dir - straight line The fireball explodes!
The fireball engulfs the catoblepas!
Flame seeps out of the catoblepas.
The catoblepas is severely wounded.
You hear a croak.
The catoblepas is engulfed in blazing flames.
Flame seeps out of the catoblepas.
The catoblepas gores you.
Casting: Fireball (dangerous; 9% risk of failure)
Confirm with . or Enter, or press ? or * to list all spells.
Aiming: Fireball (dangerous; 9% risk of failure)
Press: ? - help, Shift-Dir - straight line The fireball explodes!
The fireball engulfs the catoblepas!
Flame seeps out of the catoblepas.
The catoblepas is almost dead.
The catoblepas is engulfed in blazing flames.
Flame seeps out of the catoblepas.
The catoblepas gores you!!
* * * LOW HITPOINT WARNING * * *
The catoblepas is engulfed in blazing flames.
Flame seeps out of the catoblepas.
There is a stone staircase leading down here.
The catoblepas breathes a plume of calcifying dust at you.
The blast of calcifying dust hits you.
* * * LOW HITPOINT WARNING * * *
It was a potion of degeneration.
There was something very wrong with that liquid.
You feel weakened.
You feel dopey.
You feel clumsy.
The catoblepas breathes a plume of calcifying dust at you.
The blast of calcifying dust hits you!
You die...

#.......[....# #
#.########.#.# # #.# #.#.# #
#########.# #.#.# #
#.........# #.#.###
##.################....##
#..#...#####.....#..........
#.......§§§§§###..........#)
#........Y§@.# #.#.#####.##.
#.......####.# #.#.# ##.##.
#.#....## .....#.# #.....
#........ .###.#.# #..##.
#..#.#.## .. ..... #.....
..#.#. .# #.### #..### # #.
## ... #...##.. ... ##.##...
###....


You could see a catoblepas (inner flame).

Vanquished Creatures
  A skeletal warrior (D:9)
  Maggie (D:6)
  2 trolls (D:9)
  Sigmund (D:3)
  2 wyverns (D:8)
  2 steam dragons
  An acid dragon (D:9)
  2 orc warriors
  A sky beast (D:7)
  3 ogres
  2 centaurs
  A necrophage (D:4)
  A phantom (D:5)
  2 kobold brigands
  5 bullfrogs
  2 scorpions (D:5)
  A water moccasin skeleton (D:7)
  4 killer bees
  12 wights
  4 howler monkeys
  A vampire bat (D:3)
  2 jellies
  2 bullfrog skeletons
  2 bullfrog zombies
  A centaur skeleton (D:5)
  A hound (D:4)
  6 orc priests
  Jessica (D:3)
  2 iguanas
  Ijyb (D:3)
  A gnoll shaman (D:6)
  2 orc wizards
  A killer bee zombie (D:7)
  A centaur simulacrum (D:9)
  A hound skeleton (D:5)
  A howler monkey zombie (D:8)
  8 gnolls
  2 howler monkey skeletons
  5 adders
  3 shadow imps
  An adder skeleton (D:4)
  3 worms (D:2)
  2 dart slugs
  32 orcs
  5 endoplasms
  3 giant cockroaches
  7 goblins
  6 hobgoblins
  4 jackals (D:3)
  13 kobolds
  A quokka (D:2)
  4 ball pythons
  12 bats
  2 frilled lizards
  3 rats
192 creatures vanquished.

Vanquished Creatures (others)
  674 foxfires
674 creatures vanquished.

Grand Total: 866 creatures vanquished

Notes
Turn   | Place    | Note
-------+----------+-------------------------------------------
     0 | D:1      | freelancePsychic the Djinni Fire Elementalist began the
                  | quest for the Orb.
     0 | D:1      | Reached XP level 1. HP: 15/15 MP: 0/0
   310 | D:1      | Reached XP level 2. HP: 19/22 MP: 0/0
   502 | D:1      | Reached skill level 1 in Fighting
   735 | D:1      | Found Votisch's Jewellery Shop.
   865 | D:1      | Reached XP level 3. HP: 23/27 MP: 0/0
   865 | D:1      | Learned a level 1 spell: Pain
   869 | D:1      | Reached skill level 3 in Spellcasting
  1058 | D:1      | Found a faded altar of an unknown god.
  2199 | D:3      | Found Kaha Zae's Antique Weapon Boutique.
  2199 | D:3      | Noticed Sigmund
  2202 | D:3      | Reached XP level 4. HP: 29/32 MP: 0/0
  2709 | D:3      | Noticed Ijyb
  2721 | D:3      | Killed Ijyb
  2722 | D:3      | Reached XP level 5. HP: 13/38 MP: 0/0
  2722 | D:3      | Learned a level 2 spell: Ensorcelled Hibernation
  2932 | D:3      | Identified a scroll of acquirement
  2933 | D:3      | Acquired a +2 kite shield of reflection
  3142 | D:3      | Noticed Jessica
  3147 | D:3      | Killed Jessica
  3148 | D:3      | Reached skill level 4 in Spellcasting
  3474 | D:4      | Reached XP level 6. HP: 41/45 MP: 0/0
  3501 | D:4      | Found Puaqou's Magic Scroll Emporium.
  3511 | D:4      | Noticed a necrophage
  3517 | D:4      | Killed a necrophage
  3845 | D:4      | Reached XP level 7. HP: 32/50 MP: 0/0
  3845 | D:4      | Learned a level 3 spell: Confusing Touch
  3976 | D:4      | Found a blossoming altar of Fedhas.
  4033 | D:4      | Reached skill level 5 in Spellcasting
  4958 | D:5      | Entered Level 5 of the Dungeon
  5256 | D:5      | Reached XP level 8. HP: 44/58 MP: 0/0
  5660 | D:5      | Reached skill level 5 in Fighting
  5660 | D:5      | Reached skill level 6 in Spellcasting
  6072 | D:5      | Found a burning altar of Makhleb.
  6074 | D:5      | Noticed a balrug
  6401 | D:5      | Noticed a hellwing
  6403 | D:5      | Became a worshipper of Makhleb the Destroyer
  6676 | D:3      | Found a sacrificial altar of Ru.
  6802 | D:3      | Killed Sigmund
  7099 | D:3      | Reached skill level 7 in Spellcasting
  7099 | D:3      | Reached XP level 9. HP: 65/66 MP: 0/0
  7099 | D:3      | Learned a level 4 spell: Dispel Undead
  7623 | D:6      | Noticed Maggie
  7638 | D:6      | Killed Maggie
  8155 | D:6      | Found a staircase to the Ecumenical Temple.
  8241 | D:6      | Reached * piety under Makhleb
  8817 | D:7      | Reached skill level 8 in Spellcasting
  9265 | D:7      | Found a broken altar of Ashenzari.
  9550 | D:7      | Found a glowing golden altar of the Shining One.
  9764 | D:8      | Found Zacec's Antique Weapon Boutique.
  9792 | D:8      | Reached XP level 10. HP: 70/75 MP: 0/0
  9816 | D:8      | Reached skill level 1 in Shields
 10060 | D:8      | Reached skill level 9 in Spellcasting
 10162 | D:8      | Reached ** piety under Makhleb
 10801 | D:9      | Found a basalt altar of Yredelemnul.
 10802 | D:9      | Found a glowing golden altar of the Shining One.
 10803 | D:9      | Found a white marble altar of Elyvilon.
 10803 | D:9      | Found a shimmering altar of Xom.
 11092 | D:9      | Noticed a manticore
 11109 | D:9      | Noticed a skeletal warrior
 11195 | D:9      | Killed a skeletal warrior
 11338 | D:9      | Noticed a catoblepas
 11341 | D:9      | Reached skill level 5 in Shields
 11350 | D:9      | Found an opulent altar of Gozag.
 11350 | D:9      | Found a sparkling altar of Nemelex Xobeh.
 11619 | D:9      | Killed from afar by a catoblepas

Illustrated notes

Levels and vault maps discovered:
D:1:      dpeg_arrival_short_road, layout_basic,
          hellmonk_ecumenical_altar_arch_garden, serial_shops, shop,
          hangedman_decor_push
D:2:      layout_rooms, minmay_curled_crystal
D:3:      layout_basic, mainiacjoe_overflow_boulevard, serial_shops, shop,
          roderic_batcave, uniq_sigmund, uniq_jessica, uniq_ijyb
D:4:      layout_gridville, nicolae_overflow_crystal_walls, serial_shops, shop
D:5:      layout_basic, makhleb_altar_promises_db
D:6:      layout_loops_ring, minmay_temple_entry_sparse_star,
          hangedman_abyss_or_decor_stabs, uniq_maggie
D:7:      layout_basic, evilmike_ruin_ashenzari, lemuel_doored_altar
D:8:      layout_gridville, serial_shops, shop
D:9:      minmay_the_grid_octo_2x2 [minmay_the_grid_octo_clover,
          minmay_the_grid_octo_chip, minmay_the_grid_octo_shrine,
          minmay_the_grid_octo_prize_single_spiral], layout_loops_ring,
          grunt_temple_overflow_opulence

Skill      XL: |  1  2  3  4  5  6  7  8  9 10 |
---------------+-------------------------------+-----
Fighting       | 1 2 3 4 5 7 8 |  8.5
Spellcasting   | 3 4 5 7 8 9 |  9.4
Shields        | 5 |  5.0
Dodging        | |  2.1
Stealth        | |  1.5

Action                   |  1- 3 |  4- 6 |  7- 9 | 10-12 || total
-------------------------+-------+-------+-------+-------++-------
Melee: Unarmed           |     2 |       |       |       ||     2
       Short sword       |       |       |    43 |     3 ||    46
 Cast: Foxfire           |    95 |    93 |   156 |    56 ||   400
       Inner Flame       |       |     9 |    47 |    19 ||    75
       Dispel Undead     |       |       |     2 |     7 ||     9
       Fireball          |       |       |       |    15 ||    15
  Use: Scroll            |       |     4 |     3 |     1 ||     8
       Potion            |       |       |       |     1 ||     1
 Stab: Sleeping          |       |       |     1 |       ||     1
Armor: Robe              |     7 |     2 |    24 |     2 ||    35
Dodge: Dodged            |    12 |     9 |    77 |    20 ||   118
Block: Kite shield       |       |       |       |     6 ||     6

Table legend: (Time is in decaauts)
 A = Elapsed time spent in this place.
 B = Non-inter-level travel time spent in this place.
 C = Inter-level travel time spent in this place.
 D = Time resting spent in this place.
 E = Time spent auto-exploring this place.
 F = Levels seen in this place.
 G = Mean time per level.
                   A        B        C        D        E       F      G
               +--------+--------+--------+--------+--------+-----+--------+
         Total |  11630 |  11242 |    388 |   1455 |   8463 |   9 | 1292.2 |
       Dungeon |  11630 |  11242 |    388 |   1455 |   8463 |   9 | 1292.2 |
               +--------+--------+--------+--------+--------+-----+--------+

Top non-repeatable levels by time:
     D:5: 2043 daAuts
     D:4: 1665 daAuts
     D:2: 1412 daAuts
     D:3: 1374 daAuts
     D:1: 1314 daAuts
     D:8: 1073 daAuts
     D:7: 1037 daAuts
     D:6: 900 daAuts
     D:9: 807 daAuts
